 Dungeon Sprint DCSS version 0.21-a0-400-g417d9d2 (webtiles) character file.

110 Amnesiac the Sneak (level 4, -6/30 HPs)
             Began as a Demonspawn Earth Elementalist on Oct 20, 2017.
             Mangled by a yak (9 damage)
             ... in the Dungeon (Sprint I: "Red Sonja").
             The game lasted 00:01:40 (314 turns).

Amnesiac the Sneak (Demonspawn Earth Elementalist)   Turns: 314, Time: 00:01:40

Health: -6/30      AC:  6    Str:  9    XL:     4   Next: 61%
Magic:  0/7        EV: 11    Int: 17    God:
Gold:   54         SH:  0    Dex: 13    Spells: 0/7 levels left

rFire    . . .     SeeInvis .   i - +0 dagger
rCold    . . .     Gourm    .   (no shield)
rNeg     . . .     Faith    .   l - +3 leather armour {MR+}
rPois    .         Spirit   +   (no helmet)
rElec    .         Reflect  .   (no cloak)
rCorr    .         Harm     .   (no gloves)
MR       +....     NoTele   +   (no boots)
Stlth    +++.......             (no amulet)
HPRegen  0.10/turn              (no ring)
MPRegen  0.10/turn              (no ring)

@: hasted, very quick
A: spiny 1, magic shield
a: no special abilities


You were in the Dungeon.
You were not hungry.

You visited 1 branch You collected 54 gold pieces.

Inventory:

Hand Weapons
 i - a +0 dagger (weapon)
Missiles
 b - 17 stones (quivered)
Armour
 l - a +3 leather armour of magic resistance (worn)
Wands
 a - a wand of polymorph (11/24)
Scrolls
 j - a scroll of blinking {!r}
Potions
 h - a potion of magic {!q}
Books
 k - a book of Geomancy

   Spells                             Type                      Level
   a - Sandblast                      Earth                        1
   b - Passwall                       Transmutation/Earth          2
   c - Stone Arrow                    Conjuration/Earth            3
   d - Petrify                        Transmutation/Earth          4
   e - Lee's Rapid Deconstruction     Earth                        5
Comestibles
 d - a bread ration


   Skills:
 - Level 1.7 Dodging
 + Level 6.7 Stealth
 + Level 5.8 Unarmed Combat
 - Level 2.0 Spellcasting
 - Level 0.8 Transmutations
 - Level 2.6 Earth Magic


You couldn't memorise any spells.
You knew the following spells:

 Your Spells              Type           Power        Failure   Level  Hunger
a - Sandblast             Erth           ##....       9%          1    #......
b - Passwall              Tmut/Erth      #.........   21%         2    ###....
e - Petrify               Tmut/Erth      #.......     78%         4    #####..


Dungeon Overview and Level Annotations

Branches:
Dungeon (1/1)

Altars:
Cheibriados
Dithmenos
Elyvilon
Fedhas
Gozag
Hepliaklqana
Kikubaaqudgha
Nemelex Xobeh
Okawaru
Qazlal
Ru
Trog
Uskayaw
Yredelemnul
Zin
The Shining One

Shops:
D ?


Innate Abilities, Weirdness & Mutations

You are partially covered in sharp spines.
When hurt, damage is shared between your health and your magic reserves.


Message History

Casting: Sandblast
Confirm with . or Enter, or press ? or * to list all spells.
You don't have enough magic to cast that spell.
There is a sacrificial altar of Ru here.
There is a shadowy altar of Dithmenos here.
Really quaff
f - a potion of heal wounds {!q}?
You feel much better. The yak is struck by your spines. The yak gores you!
Casting: Sandblast
Confirm with . or Enter, or press ? or * to list all spells.
Aiming: Sandblast
Press: ? - help, Shift-Dir - straight line, f/p - yak
Aim: a yak (severely wounded)
The blast of sand hits the yak.
The yak is severely wounded.
b - 20 stones The yak gores you.
* * * LOW HITPOINT WARNING * * *
Really quaff
e - a potion of curing {!q}?
You feel better. The yak closely misses you.
Really quaff
g - a potion of haste {!q}?
You feel yourself speed up. The yak gores you!
* * * LOW HITPOINT WARNING * * *
Really quaff
h - 2 potions of magic {!q}?
Magic courses through your body. The yak gores you.
There is a basalt altar of Yredelemnul here.
There is an iron altar of Okawaru here.
Casting: Sandblast
Confirm with . or Enter, or press ? or * to list all spells.
The spell is very dangerous to cast!
Continue anyway? [Y]es or [N]o only, please.
The spell is very dangerous to cast!
Continue anyway?
Okay, then.
Casting: Petrify
Confirm with . or Enter, or press ? or * to list all spells.
Okay, then.
There is a glowing silver altar of Zin here.
Casting: Petrify
Confirm with . or Enter, or press ? or * to list all spells.
Aiming: Sandblast
Press: ? - help, Shift-Dir - straight line, f/p - yak
Aim: a yak (severely wounded)
The blast of sand hits the yak.
The yak is almost dead.
b - 19 stones
Casting: Sandblast
Confirm with . or Enter, or press ? or * to list all spells.
Aiming: Sandblast
Press: ? - help, Shift-Dir - straight line, f/p - yak
Aim: a yak (almost dead)
The blast of sand hits the yak.
The yak is almost dead.
b - 18 stones The yak gores you!
* * * LOW HITPOINT WARNING * * *
Casting: Sandblast
Confirm with . or Enter, or press ? or * to list all spells.
Aiming: Sandblast
Press: ? - help, Shift-Dir - straight line, f/p - yak
Aim: a yak (almost dead)
The blast of sand hits the yak.
The yak is almost dead.
b - 17 stones The yak is struck by your spines.
The yak gores you!
You die...

##########
#<.#..+..#
#..'.[#.)+
#..#####'#
#..####..#
#..#_@####
#..#_Y___##
#⌠⌠#_.∩...+
####_..__##
#_____#
#######


You could see a yak.

Vanquished Creatures
  An ogre (D)
  Ijyb (D)
2 creatures vanquished.

Notes
Turn   | Place    | Note
-------+----------+-------------------------------------------
     0 | D        | Amnesiac the Demonspawn Earth Elementalist began the quest for the Orb.
     0 | D        | Reached XP level 1. HP: 13/13 MP: 3/3
     1 | D        | Noticed Ijyb
    18 | D        | Killed Ijyb
    18 | D        | Reached skill level 4 in Stealth
    18 | D        | Gained mutation: You are partially covered in sharp spines. [demonic ancestry]
    18 | D        | Reached XP level 2. HP: 9/19 MP: 1/5
   223 | D        | Learned a level 2 spell: Passwall
   226 | D        | Noticed an ogre
   228 | D        | Killed an ogre
   228 | D        | Reached skill level 6 in Stealth
   228 | D        | Reached skill level 5 in Unarmed Combat
   228 | D        | Reached XP level 3. HP: 24/24 MP: 1/6
   228 | D        | Gained mutation: When hurt, damage is shared between your health and your magic reserves. [demonic ancestry]
   228 | D        | Reached XP level 4. HP: 30/30 MP: 1/7
   234 | D        | Learned a level 4 spell: Petrify
   294 | D        | Found a stormy altar of Qazlal.
   294 | D        | Found a blossoming altar of Fedhas.
   294 | D        | Found a bloodstained altar of Trog.
   294 | D        | Found an iron altar of Okawaru.
   294 | D        | Found a glowing golden altar of the Shining One.
   294 | D        | Found Huegodgh's Magic Scroll Emporium.
   294 | D        | Found a glowing silver altar of Zin.
   294 | D        | Found an ancient bone altar of Kikubaaqudgha.
   294 | D        | Found a white marble altar of Elyvilon.
   294 | D        | Found a hazy altar of Hepliaklqana.
   294 | D        | Found a hide-covered altar of Uskayaw.
   294 | D        | Found a basalt altar of Yredelemnul.
   294 | D        | Found a sparkling altar of Nemelex Xobeh.
   294 | D        | Found an opulent altar of Gozag.
   294 | D        | Found a snail-covered altar of Cheibriados.
   294 | D        | Found a sacrificial altar of Ru.
   294 | D        | Found a shadowy altar of Dithmenos.
   294 | D        | Noticed a yak
   314 | D        | Mangled by a yak

Vault maps used:
D:        dungeon_sprint_1

Skill      XL: |  1  2 |
---------------+-------+-----
Stealth        | 4 6 |  6.7
Unarmed Combat | 3 5 |  5.8
Dodging        | |  1.7
Spellcasting   | |  2.0
Transmutations | |  0.8
Earth Magic    | |  2.6

Action                   |  1- 3 |  4- 6 || total
-------------------------+-------+-------++-------
Melee: Unarmed           |    13 |       ||    13
       Dagger            |     1 |     1 ||     2
 Cast: Sandblast         |     4 |     9 ||    13
       Passwall          |     1 |     1 ||     2
  Use: Potion            |     1 |     4 ||     5
 Stab: Sleeping          |     1 |     1 ||     2
Armor: Robe              |     1 |       ||     1
       Leather armour    |       |     1 ||     1
Dodge: Dodged            |     3 |     2 ||     5

Table legend:
 A = Spawn XP
 B = Non-spawn XP
 C = Spawn XP percentage of total XP
 D = Spawn monster count
 E = Non-spawn monster count
 F = Spawn count percentage of total count
 G = Total turns spent on level
                    A         B        C        D         E        F      G
               +---------+---------+-------+---------+---------+-------+---------
         Total |       0 |     158 |   0.0 |       0 |       2 |   0.0 |   314
               +---------+---------+-------+---------+---------+-------+---------
             D |       0 |     158 |   0.0 |       0 |       2 |   0.0 |   314
               +---------+---------+-------+---------+---------+-------+---------
